 Dungeon Crawl Stone Soup version 0.31.0-4-g52a2dc7128 (webtiles) character file.

Game seed: 3370277105601973725

1291262 shadowrider38 the Acrobat (level 24, 131/131 HPs)
             Began as a Spriggan Alchemist on Jan 21, 2024.
             Was the Champion of Vehumet.
             Escaped with the Orb
             ... and 3 runes on Jan 22, 2024!
             The game lasted 03:00:52 (115101 turns).

shadowrider38 the Acrobat (Spriggan Alchemist)    Turns: 115101, Time: 03:00:52

Health: 131/131    AC: 18    Str:  5    XL:     24   Next: 79%
Magic:  48/48      EV: 37    Int: 31    God:    Vehumet [******]
Gold:   2777       SH: 14    Dex: 19    Spells: 6/63 levels left

rFire   + + +        a - +9 rapier (elec)
rCold   + + +        X - +3 buckler
rNeg    . . .        V - +5 steam dragon scales
rPois   +            i - +1 hat of Patterns {Int+3}
rElec   .            t - +3 cloak of Wisdom {^Drain rF++ rC+++ Dex-2}
rCorr   +            (gloves unavailable)
SInv    +            (boots unavailable)
Will    +++++        o - amulet "Muwniaci" {Reflect Str-5 Int+5 Dex+5 SH+5}
Stlth   ++           f - ring "Xufy" {Wiz rPois rCorr Str+4}
HPRegen 1.21/turn    J - ring "Xuffomury" {Fly rF+ Will+}
MPRegen 0.31/turn

%: reflection, wizardry (x1)
@: flying, studying Staves, very quick
A: very small, no large weapons, unfitting armour, see invisible, speed 3,
iridescent scales 1, clumsy 1, regeneration 1, noise suppression
0: Orb of Zot
}: 3/15 runes: serpentine, barnacled, slimy
a: Renounce Religion


You escaped.
You worshipped Vehumet.
Vehumet was exalted by your worship.
You visited 11 branches of the dungeon, and saw 52 of its levels.
You visited 1 bazaar.
You also visited: Trove, Bailey and Ice Cave.

You collected 7357 gold pieces.
You spent 4580 gold pieces at shops.

Inventory:

Hand Weapons
 a - a +9 rapier of electrocution (weapon)
Missiles
 F - 6 curare-tipped darts
 Z - 10 throwing nets
Armour
 i - the +1 hat of Patterns (worn) {Int+3}
   (You acquired it on level 2 of the Orcish Mines)

   Int+3:     It affects your intelligence (+3).
 t - the +3 cloak of Wisdom (worn) {^Drain rF++ rC+++ Dex-2}
   (You found it in a treasure trove)

   Dex-2:     It affects your dexterity (-2).
   rF++:      It greatly protects you from fire.
   rC+++:     It renders you almost immune to cold.
   ^Drain:    It drains your maximum health when unequipped.
 V - +5 steam dragon scales (worn)
 X - a +3 buckler (worn)
Magical Staves
 p - a staff of alchemy
 S - the staff "Embalmer" {rElec rPois rF+ Fire}
   (You found it on level 3 of the Elven Halls)

   [staff of fire]

   Base accuracy: +5 Base damage: 5 Base attack delay: 1.2 This weapon's minimum
   attack delay (0.6) is reached at skill level 12.
   rF+:       It protects you from fire.
   rElec:     It insulates you from electricity.
   rPois:     It protects you from poison Fire: It increases the power of your
   Fire spells.
   It falls into the 'Staves' category.
   It is a two-handed weapon.
Jewellery
 e - the amulet "Anezxuomo" {rElec Regen+ rCorr Stlth-}
   (You found it in a treasure trove)

   [amulet of regeneration]

   rElec:     It insulates you from electricity.
   Regen+:    It increases your rate of health regeneration.
   rCorr:     It protects you from acid and corrosion.
   Stlth-:    It makes you less stealthy.
 f - the ring "Xufy" (left hand) {Wiz rPois rCorr Str+4}
   (You took it off a deep elf annihilator on level 3 of the Elven Halls)

   [ring of wizardry]

   Wiz:       It improves your spell success rate.
   Str+4:     It affects your strength (+4).
   rPois:     It protects you from poison rCorr: It protects you from acid and
   corrosion.
 g - the ring "Gaekkata" {*Corrode rC+ Will+ Str+3 Stlth+}
   (You took it off a deep elf blademaster on level 3 of the Elven Halls)

   [ring of willpower]

   Str+3:     It affects your strength (+3).
   rC+:       It protects you from cold.
   Will+:     It increases your willpower.
   *Corrode:  It may corrode you when you take damage.
   Stlth+:    It makes you more stealthy.
 o - the amulet "Muwniaci" (around neck) {Reflect Str-5 Int+5 Dex+5 SH+5}
   (You found it in a treasure trove)

   [amulet of reflection]

   Reflect:   It reflects blocked missile attacks.
   Str-5:     It affects your strength (-5).
   Int+5:     It affects your intelligence (+5).
   Dex+5:     It affects your dexterity (+5).
   SH+5:      It affects your SH (+5).
 r - a +6 ring of dexterity
 I - a ring of magical power
 J - the ring "Xuffomury" (right hand) {Fly rF+ Will+}
   (You took it off a salamander on level 2 of the Snake Pit)

   [ring of flight]

   rF+:       It protects you from fire.
   Will+:     It increases your willpower.
   Fly:       It grants you flight.
 M - the ring of Generosity {Fire Will+ Dex+3}
   (You found it on level 1 of the Snake Pit)

   [ring of fire]

   Fire:      It enhances your fire magic.
   Dex+3:     It affects your dexterity (+3).
   rF+:       It protects you from fire.
   rC-:       It makes you vulnerable to cold.
   Will+:     It increases your willpower.
 O - the ring of Okawaru's Outrage {rPois rF+}
   (You took it off a deep elf sorcerer on level 3 of the Elven Halls)

   [ring of poison resistance]

   rF+:       It protects you from fire.
   rPois:     It protects you from poison
Wands
 k - a wand of quicksilver (11)
 D - a wand of digging (1)
 E - a wand of roots (24)
 P - a wand of paralysis (36)
Scrolls
 c - 6 scrolls of fear
 d - 4 scrolls of amnesia
 m - 5 scrolls of fog
 n - 9 scrolls of poison
 s - 6 scrolls of vulnerability
 v - a scroll of immolation
 y - a scroll of revelation
 z - 3 scrolls of enchant armour
 A - 5 scrolls of butterflies
 B - 9 scrolls of blinking
 G - 3 scrolls of silence {!r}
 T - 25 scrolls of teleportation
Potions
 b - 5 potions of magic
 h - 7 potions of might
 j - 3 potions of invisibility
 l - 4 potions of mutation
 q - 15 potions of heal wounds
 u - 4 potions of attraction
 w - 4 potions of enlightenment
 x - 5 potions of resistance
 C - 9 potions of ambrosia
 H - 6 potions of haste
 L - 4 potions of brilliance
 Q - 16 potions of curing
 R - 2 potions of cancellation
 W - 4 potions of berserk rage
 Y - 5 potions of lignification
Miscellaneous
 K - a phantom mirror
 N - a sack of spiders
 U - a phial of floods


   Skills:
 - Level 15.1 Fighting
 - Level 8.6 Short Blades
 - Level 5.0 Armour
 - Level 24.0 Dodging
 - Level 10.0 Stealth
 - Level 5.0 Shields
 - Level 20.0 Spellcasting
 - Level 12.0 Conjurations
 - Level 15.0 Translocations
 + Level 16.7 Fire Magic
 - Level 12.0 Air Magic
 - Level 12.0 Alchemy
 - Level 15.0 Evocations


You had 6 spell levels left.
You knew the following spells:

 Your Spells              Type           Power      Damage    Failure   Level
a - Yara's Violent Unrav  Hex/Alch       31%        3d13      1%          5
b - Orb of Destruction    Conj           40%        9d11      1%          7
c - Ignition              Fire           47%        3d13      1%          8
d - Iskenderun's Mystic   Conj/Tloc      85%        2d17      1%          4
e - Dispersal             Tloc           44%        N/A       1%          6
g - Ignite Poison         Fire/Alch      88%        N/A       1%          4
h - Eringya's Noxious Bo  Alch           40%        4d6       1%          6
i - Blink                 Tloc           100%       N/A       0%          2
k - Plasma Beam           Fire/Air       44%        2x1d58    1%          6
r - Irradiate             Conj/Alch      40%        3d25      1%          5
t - Olgreb's Toxic Radia  Alch           81%        N/A       1%          4

Your spell library contained the following spells:

 Spells                   Type           Power      Damage    Failure   Level
 Apportation              Tloc           100%       N/A       0%          1
 Foxfire                  Conj/Fire      100%       2x1d9     0%          1
 Magic Dart               Conj           100%       1d8       0%          1
 Shock                    Conj/Air       100%       1d9       0%          1
 Sting                    Conj/Alch      100%       1d9       0%          1
 Lesser Beckoning         Tloc           100%       N/A       0%          2
 Mercury Vapours          Alch/Air       100%       N/A       0%          2
 Momentum Strike          Conj/Tloc      100%       3d10      0%          2
 Static Discharge         Conj/Air       100%       3-8/arc   0%          2
 Gell's Gravitas          Tloc           89%        N/A       0%          3
 Teleport Other           Tloc           89%        N/A       0%          3
 Volatile Blastmotes      Fire/Tloc      100%       2d18      0%          3
 Freeze                   Ice            100%       1d10      1%          1
 Kiss of Death            Conj/Necr      100%       2d13      1%          1
 Necrotise                Necr           100%       1d9       1%          1
 Summon Small Mammal      Summ           100%       N/A       1%          1
 Cigotuvi's Dreadful Rot  Necr/Alch/Air  100%       N/A       1%          2
 Dazzling Flash           Conj/Hex       100%       N/A       1%          3
 Frozen Ramparts          Ice            62%        1d10      1%          3
 Hailstorm                Conj/Ice       62%        3d11      1%          3
 Inner Flame              Hex/Fire       70%        N/A       1%          3
 Mephitic Cloud           Conj/Alch/Air  81%        N/A       1%          3
 Swiftness                Air            81%        N/A       1%          3
 Airstrike                Air            40%        2d(6-22)  1%          4
 Flame Wave               Conj/Fire      88%        2d19      1%          4
 Fulminant Prism          Conj/Alch      40%        3d19      1%          4
 Manifold Assault         Tloc           89%        N/A       1%          4
 Sticky Flame             Fire/Alch      88%        2d13      1%          4
 Summon Blazeheart Golem  Fire/Summ      70%        N/A       1%          4
 Summon Lightning Spire   Summ/Air       62%        N/A       1%          4
 Alistair's Intoxication  Alch           54%        N/A       1%          5
 Arcjolt                  Conj/Air       40%        1d50      1%          5
 Fireball                 Conj/Fire      44%        3d18      1%          5
 Iskenderun's Battlesphe  Conj           81%        2d13      1%          5
 Summon Forest            Summ/Tloc      33%        N/A       1%          5
 Starburst                Conj/Fire      44%        6d12      1%          6
 Confusing Touch          Hex            31%        N/A       2%          3
 Summon Ice Beast         Ice/Summ       31%        N/A       2%          3
 Bombard                  Conj/Erth      31%        9d6       3%          6
 Lee's Rapid Deconstruct  Erth           15%        3d10*     6%          5
 Anguish                  Hex/Necr       15%        N/A       8%          4
 Animate Armour           Summ/Erth      62%        N/A       8%          4
 Cause Fear               Hex            15%        N/A       8%          4
 Dispel Undead            Necr           31%        3d14      8%          4
 Martyr's Knell           Necr/Summ      31%        N/A       8%          4
 Sculpt Simulacrum        Ice/Alch       31%        N/A       11%         6
 Borgnjor's Vile Clutch   Necr/Erth      15%        N/A       21%         5
 Curse of Agony           Necr           31%        N/A       21%         5
 Metabolic Englaciation   Hex/Ice        15%        N/A       21%         5
 Summon Mana Viper        Hex/Summ       31%        N/A       21%         5
 Death Channel            Necr           15%        N/A       71%         6
 Summon Cactus Giant      Summ           15%        N/A       71%         6
 Disjunction              Tloc           44%        N/A       11%         8
 Spellforged Servitor     Conj/Summ      31%        N/A       13%         7
 Fire Storm               Conj/Fire      44%        8d11      43%         9
 Lehudib's Crystal Spear  Conj/Erth      31%        10d8      63%         8
 Chain Lightning          Conj/Air       40%        3d54      71%         9
 Ozocubu's Refrigeration  Ice            15%        4d10      75%         7
 Haunt                    Necr/Summ      15%        N/A       99%         7
 Polar Vortex             Ice            15%        12d2*     99%         9
 Shatter                  Erth           15%        3d15*     99%         9
 Borgnjor's Revivificati  Necr           15%        N/A       100%        8
 Infestation              Necr           15%        N/A       100%        8
 Death's Door             Necr           15%        N/A       100%        9
 Dragon's Call            Summ           15%        N/A       100%        9


Dungeon Overview and Level Annotations

Branches:
Dungeon (15/15)            Temple (1/1) D:4            Lair (5/5) D:8
 Shoals (4/4) Lair:2        Snake (4/4) Lair:3        Slime (5/5) Lair:5
    Orc (2/2) D:12            Elf (3/3) Orc:2        Vaults (4/5) D:13
  Crypt (0/3) Vaults:3     Depths (4/4) D:15            Zot (5/5) Depths:4
 Bailey (visited)           IceCv (visited)

Altars:
Ashenzari
Cheibriados
Dithmenos
Elyvilon
Fedhas
Gozag
Hepliaklqana
Kikubaaqudgha
Makhleb
Nemelex Xobeh
Okawaru
Qazlal
Ru
Sif Muna
Trog
Uskayaw
Vehumet
Wu Jian
Xom
Yredelemnul
Zin
The Shining One
Jiyva

Shops:
D:10 *   D:14 =   Orc:2 ([:?(   Elf:3 :=(:   Snake:1 =   Snake:3 ?   Vaults:3 [
Depths:1 !   Depths:4 =[

Portals:
Hell: Depths:1 Depths:2 Depths:3 Depths:4
Abyss: Depths:1 Depths:3
Pandemonium: Depths:1 Depths:2
Ziggurat: Depths:3

Annotations:
D:4 Dowan, Duvessa
D:5 exclusions: downstairs and upstairs
D:6 exclusion: downstairs, Jeremiah
D:10 3 runed translucent doors, Esekla's ghost, journeyman VSWr
D:13 2 transporters
Shoals:1 6 transporters
Snake:1 3 runed translucent doors, Elinuc's ghost, adept DEHW
Orc:1 2 transporters
Elf:2 6 runed translucent doors, Hihia's ghost, adept TrFi
Vaults:1 Boris
Vaults:2 exclusions: crystal guardian, peacekeeper and war gargoyle, Norris; Zenata
Depths:2 exclusion: 2 downstairs


Innate Abilities, Weirdness & Mutations

You are very small and have problems with some larger weapons.
You are too small for most types of armour.
You have supernaturally acute eyesight. (SInv)
You cover ground extremely quickly. (Speed+++)
You are partially covered in iridescent scales. (AC +2)
You are clumsy. (Dex -2)
Your natural rate of healing is unusually fast.
You passively dampen the noise of your surroundings.


Message History

There is a stone staircase leading up here.
You fly upwards.
There is a stone staircase leading down here.
What level of the Dungeon? (default 1, ? - help)
There is an open door here.
There is a stone staircase leading up here.
You fly upwards.
There is a stone staircase leading down here.
Unknown command.
You see here a +0 dagger.
A red devil comes into view. It is wielding a +0 trident.
A demonic crawler comes into view.
You block the demonic crawler's attack.
The demonic crawler completely misses you.
You block the demonic crawler's attack.
You see here a +0 rapier.
Aiming: Dig
Press: ? - help, Shift-Dir - straight line, f - you Please select a direction to dig.
This square is covered in magical glow.
The rock shatters into small pieces.
You block the demonic crawler's attack.
The demonic crawler completely misses you.
The demonic crawler hits you.
The demonic crawler attacks as it pursues you!
You block the demonic crawler's attack. x2
The demonic crawler completely misses you.
Aiming: Dig
Press: ? - help, Shift-Dir - straight line, f - you Please select a direction to dig.
This square is covered in magical glow.
The rock shatters into small pieces.
The demonic crawler closely misses you. The demonic crawler barely misses you.
The demonic crawler misses you.
There is an open door here.
Blink to where?
Press: ? - help, Dir - move target
As you read the scroll of blinking, it crumbles to dust.
The demonspawn shouts!
The vine stalker shouts!
The tengu shouts!
The draconian roars!
The formicid shouts!
The oni shouts!
The felid hisses angrily.
The troll shouts!
The human shouts!
The merfolk shouts!
The gnoll shouts!
The spriggan shouts!
There is an open door here.
There is a staircase leading out of the dungeon here.
You have escaped!

#..>...#
###.###
#.######..
########
#F#.#o#
#.........
###.###
##########
#m#.#p#
###.###
#i#.#g#
###'###
#...#
#.@.#
#####


There were no monsters in sight!

Vanquished Creatures
  the Royal Jelly (Slime:5)
  A dread lich (Zot:5)
  4 orbs of fire
  Mara (Shoals:4)
  8 Killer Klowns (Zot:5)
  A curse toe (Zot:2)
  8 golden dragons
  Nikola (Shoals:1)
  3 electric golems
  3 doom hounds (Depths:4)
  Jorgrun (Shoals:2)
  11 tentacled monstrosities
  28 Orb Guardians
  7 sphinxes
  Asterion (Vaults:2)
  2 deep elf master archers (Elf:3)
  2 deep elf blademasters (Elf:3)
  23 acid blobs
  Grunn (Depths:4)
  3 quicksilver dragons
  2 liches (Depths:2)
  Gastronok (Orc:1)
  Polyphemus (Shoals:3)
  An ancient champion (Vaults:3)
  A kraken (Shoals:1)
  3 death cobs
  9 storm dragons
  4 shadow dragons
  Aizul (Shoals:1)
  2 tengu reavers
  Donald (Snake:1)
  6 nagarajas
  8 azure jellies
  3 fenstrider witches
  2 draconian shifters (Zot:5)
  A protean progenitor (Zot:5)
  A draconian monk (Zot:5)
  6 fire giants
  14 rockslimes
  A draconian knight (Zot:5)
  Louise (Elf:2)
  A balrug (Depths:3)
  2 iron dragons
  9 frost giants
  3 ghost moths
  16 vault wardens
  2 deep elf sorcerers
  6 deep elf elementalists
  5 orc warlords
  2 draconian scorchers
  9 quicksilver oozes
  10 ironbound preservers
  A draconian stormcaller (Depths:4)
  14 very ugly things
  2 reapers
  8 ironbound thunderhulks
  5 vampire knights
  A spriggan defender (Depths:2)
  7 green draconians
  A broodmother (Zot:5)
  2 deep elf demonologists
  An elemental wellspring (Depths:3)
  8 stone giants
  2 eleionomae (Depths:3)
  2 formless jellyfish
  7 black draconians
  3 deep elf death magi (Elf:3)
  9 deep elf annihilators (Elf:3)
  2 yellow draconians (Zot:5)
  6 red draconians
  7 dire elephants
  4 white draconians
  2 spark wasps
  4 merfolk javelineers
  3 crystal guardians
  Snorg (Lair:4)
  3 purple draconians
  4 blizzard demons (Depths:1)
  10 ettins
  10 merfolk impalers
  5 fire dragons
  Harold (D:9)
  An entropy weaver (Vaults:1)
  11 yaktaur captains
  3 rakshasas
  Fannar (D:12)
  3 deep elf high priests (Elf:3)
  8 vault guards
  Erolcha (D:9)
  10 great orbs of eyes
  2 caustic shrike simulacra (IceCv)
  5 salamander tyrants
  7 ice dragons
  3 peacekeepers
  2 merfolk avatars (Shoals:4)
  8 boulder beetles
  A death knight (D:15)
  5 ironbound frosthearts
  5 spriggan air magi
  9 merfolk aquamancers
  A catoblepas (Shoals:3)
  11 anacondas
  A hydra (D:13)
  A two-headed ogre (shapeshifter) (Depths:3)
  6 two-headed ogres
  16 centaur warriors
  A satyr (Shoals:3)
  3 alligator snapping turtles
  21 dancing weapons
  13 death yaks
  9 deep troll shamans
  5 spriggan berserkers
  7 tengu warriors
  A hell knight (Depths:1)
  18 naga sharpshooters
  3 orc high priests
  2 occultists (Depths:2)
  3 vampire magi
  8 deep troll earth magi
  14 naga warriors
  2 sun demons (Depths:1)
  14 deep elf knights
  5 shock serpents
  2 soul eaters (Depths:1)
  Nergalle (Lair:2)
  10 iron trolls
  7 salamander mystics
  A sixfirhy (Depths:1)
  A skeletal warrior (D:15)
  20 sea snakes
  8 skysharks
  2 spriggan druids (Depths:3)
  2 flayed ghosts
  38 deep trolls
  A deep troll (shapeshifter) (Depths:2)
  4 arcanists
  2 obsidian statues
  3 naga ritualists
  5 mana vipers
  5 glowing orange brains
  A shadow demon (Depths:1)
  A bog body (IceCv)
  13 lindwurms
  19 deep elf zephyrmancers
  5 spriggan simulacra (IceCv)
  Pikel (D:9)
  A glowing orange brain (shapeshifter) (Depths:4)
  12 harpies
  2 phantasmal warriors
  7 deep elf archers
  10 ironbound convokers
  19 manticores
  14 orc knights
  A wolf spider (D:13)
  3 shining eyes
  32 ugly things
  12 fauns
  20 deep elf pyromancers
  27 salamanders
  5 orc sorcerers
  8 cyclopes
  12 moths of wrath
  25 black mambas
  7 merfolk sirens
  An elephant (Lair:3)
  3 meliai (D:15)
  A kobold blastminer (Orc:2)
  12 vault sentinels
  3 guardian serpents
  An orange demon (Depths:2)
  25 naga magi
  4 water nymphs
  3 eyes of devastation (Slime:5)
  3 gargoyles
  A black mamba (shapeshifter) (Elf:3)
  A torpor snail (Lair:4)
  11 cane toads
  A kobold demonologist (D:10)
  A hellion (Depths:1)
  24 yaktaurs
  7 rime drakes
  5 tengu conjurers
  7 komodo dragons
  An unseen horror (D:11)
  2 efreet
  5 freezing wraiths
  7 ice devils (IceCv)
  A tormentor (Depths:2)
  2 queen bees
  2 anaconda simulacra (IceCv)
  A queen bee (shapeshifter) (Elf:1)
  46 merfolk
  10 polar bears
  7 hornets
  13 trolls
  2 wind drakes
  2 hellwings (Depths:1)
  A wind drake (shapeshifter) (D:15)
  20 blink frogs
  An alligator simulacrum (IceCv)
  3 glass eyes
  6 snapping turtles
  4 dream sheep
  A culicivora (Vaults:1)
  4 air elementals
  79 slime creatures
  3 vampires
  20 spriggans
  2 shadows
  6 wyverns
  15 water elementals
  5 fire elementals
  52 yaks
  3 wraiths
  4 wargs
  A dire elephant simulacrum (IceCv)
  A steam dragon (Bailey)
  4 basilisks
  10 minotaur simulacra (IceCv)
  A chaos spawn (Depths:1)
  Menkaure (D:4)
  11 vampire mosquitoes
  A redback (Vaults:1)
  A harpy simulacrum (IceCv)
  A naga (shapeshifter) (D:15)
  42 nagas
  4 acid dragons
  22 water moccasins
  33 orc warriors
  5 black bears
  An ettin simulacrum (IceCv)
  3 laughing skulls
  2 sky beasts
  11 ogres
  30 wolves
  13 boggarts
  21 centaurs
  An ice beast (D:7)
  2 lemures (D:9)
  A phantom (D:6)
  A kobold brigand (D:10)
  15 bullfrogs
  6 scorpions
  6 deep troll simulacra (IceCv)
  An earth elemental (Elf:2)
  13 wights
  48 killer bees
  A lindwurm simulacrum (IceCv)
  4 howler monkeys
  3 vampire bats (D:9)
  9 electric eels
  A crimson imp (D:6)
  A jelly (D:5)
  12 orc priests
  4 hounds
  A gnoll bouda (D:7)
  33 orc wizards
  A sleepcap (D:7)
  Terence (D:3)
  3 iguanas
  6 hell rats
  A boggart simulacrum (D:15)
  14 adders
  12 gnolls
  2 river rats (Lair:3)
  3 shadow imps
  2 white imps
  2 ufetubi (D:5)
  A ribbon worm (D:3)
  A dart slug (D:5)
  71 orcs
  12 ball pythons
  4 bat skeletons (D:9)
  3 bat zombies (D:9)
  9 endoplasms
  6 giant cockroaches
  11 hobgoblins
  5 jackals
  5 quokkas
  6 bats
  2 frilled lizards (D:3)
  9 goblins
  2 kobolds
  4 rats
  An aspiring flesh (Zot:5)
  A tentacle (Shoals:1)
2024 creatures vanquished.

Vanquished Creatures (collateral kills)
  A death cob (Depths:4)
1 creature vanquished.

Vanquished Creatures (others)
  An air elemental (Elf:2)
  A water elemental (Elf:3)
  3 tentacles (Shoals:1)
5 creatures vanquished.

Grand Total: 2030 creatures vanquished

Notes
Turn   | Place    | Note
-------+----------+-------------------------------------------
     0 | D:1      | shadowrider38 the Spriggan Alchemist began the quest for
                  | the Orb.
     0 | D:1      | Reached XP level 1. HP: 9/9 MP: 5/5
     2 | D:1      | Noticed a spriggan
     4 | D:1      | Noticed a merfolk
     4 | D:1      | Noticed a human
     6 | D:1      | Noticed a barachi
     8 | D:1      | Noticed a ghoul
     8 | D:1      | Noticed a djinni
    10 | D:1      | Noticed a demigod
    12 | D:1      | Noticed a troll
    14 | D:1      | Noticed a felid
    14 | D:1      | Noticed a minotaur
    16 | D:1      | Noticed an oni
    16 | D:1      | Noticed a formicid
    18 | D:1      | Noticed an octopode
    18 | D:1      | Noticed a draconian
    20 | D:1      | Noticed a vampire
    20 | D:1      | Noticed a tengu
    22 | D:1      | Noticed an armataur
    22 | D:1      | Noticed a naga
    24 | D:1      | Noticed a demonspawn
    24 | D:1      | Noticed a vine stalker
    26 | D:1      | Noticed a gargoyle
    26 | D:1      | Noticed an elf
   294 | D:1      | Reached XP level 2. HP: 13/13 MP: 3/6
   344 | D:1      | Reached skill level 3 in Dodging
   638 | D:1      | Learned a level 2 spell: Mercury Vapours
  1105 | D:1      | Reached XP level 3. HP: 16/16 MP: 5/8
  1356 | D:2      | Reached skill level 3 in Spellcasting
  1564 | D:2      | Identified the amulet "Minimas" {rC+ Regen+ Dex+3}
  1647 | D:2      | Reached XP level 4. HP: 21/21 MP: 6/9
  2830 | D:3      | Noticed a scorpion
  2942 | D:3      | Found a snail-covered altar of Cheibriados.
  2962 | D:3      | Learned a level 4 spell: Sticky Flame
  3004 | D:3      | Reached skill level 4 in Dodging
  3032 | D:3      | shadowrider38: !nchoice spal
  3171 | D:3      | Reached XP level 5. HP: 24/24 MP: 5/10
  3650 | D:3      | Found an iron altar of Okawaru.
  3982 | D:3      | Reached XP level 6. HP: 28/28 MP: 4/11
  4175 | D:3      | Reached skill level 5 in Dodging
  4258 | D:3      | Noticed Terence
  4659 | D:3      | Killed Terence
  4773 | D:3      | Found a shimmering blue altar of Sif Muna.
  4822 | D:4      | Found a shimmering altar of Xom.
  4951 | D:4      | Found a staircase to the Ecumenical Temple.
  4973 | Temple   | Entered the Ecumenical Temple
  4984 | Temple   | Became a worshipper of Vehumet
  5103 | D:4      | Noticed Menkaure
  5172 | D:4      | Killed Menkaure
  5305 | D:4      | Noticed Dowan
  5561 | D:4      | Found a glowing golden altar of the Shining One.
  5582 | D:4      | Noticed Duvessa
  5677 | D:4      | Learned a level 4 spell: Olgreb's Toxic Radiance
  5678 | D:5      | Entered Level 5 of the Dungeon
  5851 | D:5      | Reached XP level 7. HP: 32/32 MP: 5/14
  7103 | D:5      | Reached * piety under Vehumet
  7103 | D:5      | Offered knowledge of Kiss of Death by Vehumet.
  7333 | D:5      | Found a glowing silver altar of Zin.
  7335 | D:5      | Found an opulent altar of Gozag.
  7454 | D:5      | Reached skill level 3 in Fire Magic
  7759 | D:6      | Noticed Jeremiah
  8020 | D:6      | Reached XP level 8. HP: 34/36 MP: 7/17
  9477 | D:7      | Reached ** piety under Vehumet
  9477 | D:7      | Offered knowledge of Magic Dart by Vehumet.
  9879 | D:7      | Reached XP level 9. HP: 39/39 MP: 13/19
 10169 | D:7      | Reached skill level 9 in Alchemy
 11081 | D:7      | Offered knowledge of Scorch by Vehumet.
 11433 | D:8      | Reached skill level 6 in Dodging
 11694 | D:8      | Reached *** piety under Vehumet
 11704 | D:8      | Noticed a manticore
 11892 | D:8      | Killed a manticore
 11893 | D:8      | Reached skill level 3 in Fighting
 11893 | D:8      | Reached skill level 7 in Dodging
 11893 | D:8      | Reached XP level 10. HP: 44/49 MP: 14/20
 11970 | D:8      | Reached skill level 9 in Stealth
 12296 | D:8      | Found a stormy altar of Qazlal.
 12692 | D:8      | Found a staircase to the Lair.
 12697 | D:8      | Reached skill level 8 in Dodging
 13007 | D:8      | Offered knowledge of Brom's Barrelling Boulder by Vehumet.
 13162 | D:9      | Noticed Erolcha
 13179 | D:9      | Found a flagged portal.
 13286 | D:9      | Identified the +7 halberd of Eternal Harmony {elec, rElec
                  | Dex+4}
 13370 | Bailey   | Entered a bailey
 13616 | Bailey   | Noticed a two-headed ogre
 13698 | Bailey   | Killed a two-headed ogre
 13995 | D:9      | Noticed Harold
 14194 | D:9      | Noticed a two-headed ogre
 14214 | D:9      | Killed a two-headed ogre
 14215 | D:9      | Reached XP level 11. HP: 55/55 MP: 24/24
 14244 | D:9      | Learned a level 4 spell: Iskenderun's Mystic Blast
 14324 | D:10     | Entered Level 10 of the Dungeon
 14324 | D:10     | Noticed a two-headed ogre
 14510 | D:9      | Noticed Pikel
 14536 | D:9      | Killed Pikel
 14592 | D:9      | Reached **** piety under Vehumet
 14602 | D:9      | Found an ancient bone altar of Kikubaaqudgha.
 15000 | D:9      | Found a broken altar of Ashenzari.
 15086 | D:9      | Killed Harold
 15087 | D:9      | Reached skill level 9 in Spellcasting
 15087 | D:9      | Reached skill level 9 in Translocations
 15119 | D:9      | Killed Erolcha
 15368 | D:10     | Found a runed translucent gate.
 15368 | D:10     | Found a runed translucent gate.
 15368 | D:10     | Found a runed translucent gate.
 15494 | D:10     | Noticed a centaur warrior
 15505 | D:10     | Offered knowledge of Flame Wave by Vehumet.
 15511 | D:10     | Killed a centaur warrior
 15773 | D:10     | Identified the +1 dagger of Totuvuh {freeze, ^Contam rElec
                  | rC- Str+10}
 16083 | D:10     | Found Ytwinan's Mayhem Merchandise.
 16126 | D:10     | Learned a level 6 spell: Dispersal
 16153 | D:10     | Noticed a soul eater
 16529 | D:10     | Found a sparkling altar of Nemelex Xobeh.
 16532 | D:10     | Found a blossoming altar of Fedhas.
 16544 | D:10     | Found a shadowy altar of Dithmenos.
 16547 | D:10     | Found a hide-covered altar of Uskayaw.
 16632 | D:10     | Noticed Esekla's ghost (journeyman VSWr)
 17046 | D:10     | Killed a two-headed ogre
 17203 | D:11     | shadowrider38: !nchoice
 17203 | D:11     | beem: VpFE: 0 wins || NonviableStreak: CKO, L1 Sneak of No
                  | God
 17203 | D:11     | shadowrider38: !apt vp
 17203 | D:11     | beem: Vp: Fighting: -1, Short: 1, Long: 0, Axes: -1, Maces:
                  | -2, Polearms: -1, Staves: -2, Ranged: -2, Throw: -2*,
                  | Armour: -2, Dodge: 1, Stealth: 5, Shields: -1, UC: 1,
                  | Splcast: -1, Conj: -3*, Hexes: 4, Summ: 0, Nec: 1, Tloc:
                  | -2, Tmut: N/A, Fire: -2, Ice: 0, Air: 0, Earth: 0, Poison:
                  | N/A, Inv: -1*, Evo: -1, Shape: 0, Exp: -1, HP: 0, MP: 0
 17203 | D:11     | shadowrider38: !nchoice spal
 17203 | D:11     | beem: SpAl: 3 wins || vt: CBR2, L24 Acrobat of Gozag ||
                  | agentgt: CKO, L14 Covert of Ru || Salticid: CAO, L14
                  | Thaumaturge of Ashenzari || boberto: CAO, L12 Thaumaturge
                  | of Hepliaklqana || eveningcorners: CAO, L11 Covert of Sif
                  | Muna || shadowrider38: CBR2, L11 Toxicologist of Vehumet ||
                  | PigKeeper: CUE, L10 Toxicologist of Makhleb || Mamutox:
                  | CXC, L9 Covert of Gozag || elbjorno: CUE, L8 Toxicologist
                  | of
 17203 | D:11     | beem: Kikubaaqudgha || edsrzf: CPO, L5 Apothecary of No God
                  | || mainiacjoe: CBR2, L5 Apothecary of No God
 17207 | D:11     | Learned a level 3 spell: Volatile Blastmotes
 17222 | D:11     | Noticed a boulder beetle
 17222 | D:11     | Noticed a centaur warrior
 17326 | Lair:1   | Entered Level 1 of the Lair of Beasts
 17455 | Lair:1   | Reached XP level 12. HP: 60/60 MP: 13/27
 18116 | Lair:1   | Reached skill level 3 in Armour
 19165 | Lair:2   | Noticed Nergalle
 19192 | Lair:2   | Killed Nergalle
 19510 | Lair:2   | You fall into a shaft and drop 2 floors!
 19510 | Lair:4   | Noticed Snorg
 19597 | Lair:4   | Killed Snorg
 19624 | Lair:4   | Reached ***** piety under Vehumet
 19901 | Lair:4   | Offered knowledge of Ignite Poison by Vehumet.
 19902 | Lair:4   | Reached XP level 13. HP: 60/67 MP: 18/31
 19913 | Lair:4   | Learned a level 4 spell: Ignite Poison
 20129 | Lair:2   | Found a staircase to the Shoals.
 21080 | Lair:3   | Reached skill level 9 in Dodging
 21932 | Lair:3   | Reached skill level 10 in Dodging
 22489 | Lair:3   | Found a staircase to the Snake Pit.
 22517 | Lair:3   | Reached skill level 11 in Dodging
 23921 | Lair:5   | Entered Level 5 of the Lair of Beasts
 23928 | Lair:5   | Reached skill level 12 in Dodging
 24027 | Lair:5   | Found a staircase to the Slime Pits.
 24027 | Lair:5   | Found a viscous altar of Jiyva.
 24417 | Lair:4   | Reached skill level 13 in Dodging
 24856 | Lair:5   | Offered knowledge of Starburst by Vehumet.
 24857 | Lair:5   | Reached skill level 14 in Dodging
 24913 | Lair:5   | Reached skill level 15 in Dodging
 24921 | Lair:5   | Reached XP level 14. HP: 72/72 MP: 19/33
 25488 | Lair:5   | Reached skill level 15 in Spellcasting
 26198 | Lair:5   | Reached skill level 15 in Translocations
 27694 | D:11     | Offered knowledge of Iskenderun's Battlesphere by Vehumet.
 28098 | D:11     | Reached skill level 3 in Shields
 28272 | D:11     | Found the +4 skin of Zhor {*Englaciate rC+++ SInv}
 29038 | D:12     | Learned a level 5 spell: Irradiate
 29196 | D:12     | Noticed Fannar
 29204 | D:12     | Killed Fannar
 29876 | D:12     | Offered knowledge of Eringya's Noxious Bog by Vehumet.
 30367 | D:12     | Found the sphere of Battle
 30495 | D:12     | Reached skill level 3 in Conjurations
 30730 | D:12     | Found a staircase to the Orcish Mines.
 30742 | Orc:1    | Entered Level 1 of the Orcish Mines
 30752 | Orc:1    | Noticed Gastronok
 30986 | Orc:1    | Killed Gastronok
 30987 | Orc:1    | Reached XP level 15. HP: 75/75 MP: 10/35
 31458 | Orc:1    | Found a transporter.
 31461 | Orc:1    | Found a transporter.
 31508 | Orc:1    | Noticed a kraken
 31841 | Orc:2    | Entered Level 2 of the Orcish Mines
 31841 | Orc:2    | Found Ypoag's Magic Scroll Shoppe.
 31845 | Orc:2    | Bought a scroll of acquirement for 624 gold pieces
 31845 | Orc:2    | Acquired the +1 hat of Patterns {Int+3}
 31862 | Orc:2    | Found Ycuacet's General Store.
 31880 | Orc:2    | Learned a level 6 spell: Eringya's Noxious Bog
 31993 | Orc:2    | Found Vainiu's Antique Weapon Shoppe.
 31993 | Orc:2    | Found Lymp's Book Emporium.
 32098 | Orc:2    | Found Rimoumm's Antique Armour Shoppe.
 32136 | Orc:2    | Found a staircase to the Elven Halls.
 32255 | Orc:2    | Found Ofiyggur's Antique Weapon Boutique.
 32470 | Orc:2    | Found a flickering gateway to a bazaar.
 32477 | Bazaar   | Entered a bazaar
 32492 | Bazaar   | Found Lafi's Weapon Shoppe.
 32493 | Bazaar   | Found Enuepyf's Magic Scroll Shoppe.
 32533 | Bazaar   | Found Kycot's Weapon Emporium.
 32533 | Bazaar   | Found Irackaci's Armour Emporium.
 32573 | Bazaar   | Bought a scroll of butterflies for 48 gold pieces
 32573 | Bazaar   | Bought a scroll of teleportation for 36 gold pieces
 32573 | Bazaar   | Bought a scroll of silence for 114 gold pieces
 32573 | Bazaar   | Bought a scroll of silence for 114 gold pieces
 32573 | Bazaar   | Bought a scroll of fear for 48 gold pieces
 32573 | Bazaar   | Bought 3 scrolls of enchant armour for 270 gold pieces
 32627 | Orc:2    | Bought a scroll of teleportation for 36 gold pieces
 32627 | Orc:2    | Bought a scroll of teleportation for 36 gold pieces
 32627 | Orc:2    | Bought a scroll of teleportation for 36 gold pieces
 32627 | Orc:2    | Bought a scroll of fog for 48 gold pieces
 32978 | D:13     | Offered knowledge of Bombard by Vehumet.
 33067 | D:13     | Found a transporter.
 33069 | D:13     | Found a transporter.
 34013 | D:13     | Found a gate to the Vaults.
 34125 | D:13     | Learned a level 2 spell: Blink
 34918 | D:14     | Found Jicwor's Jewellery Emporium.
 35050 | D:14     | Reached skill level 9 in Fighting
 35384 | D:14     | Found a portal to a secret trove of treasure.
 35702 | D:15     | Entered Level 15 of the Dungeon
 36504 | D:15     | Offered knowledge of Yara's Violent Unravelling by Vehumet.
 37115 | D:15     | Reached XP level 16. HP: 85/85 MP: 31/37
 37250 | D:15     | Found a staircase to the Depths.
 37689 | D:15     | Found a staircase to the Depths.
 38155 | Shoals:1 | Entered Level 1 of the Shoals
 38261 | Shoals:1 | Found a transporter.
 38263 | Shoals:1 | Found a transporter.
 38434 | Shoals:1 | Identified the serpent talisman of Incorporation {rElec rC+
                  | Slay+3}
 38434 | Shoals:1 | Noticed Aizul
 38519 | Shoals:1 | Killed Aizul
 38684 | Shoals:1 | Found a transporter.
 38687 | Shoals:1 | Found a transporter.
 38820 | Shoals:1 | Noticed a kraken
 38830 | Shoals:1 | Killed a kraken
 39500 | Shoals:1 | Found a transporter.
 39505 | Shoals:1 | Found a transporter.
 39529 | Shoals:1 | Reached skill level 16 in Dodging
 39655 | Shoals:1 | Offered knowledge of Orb of Destruction by Vehumet.
 39800 | Shoals:1 | Noticed Nikola
 39915 | Shoals:1 | Killed Nikola
 40750 | Shoals:2 | Reached skill level 17 in Dodging
 40987 | Shoals:2 | Noticed Jorgrun
 41002 | Shoals:2 | Killed Jorgrun
 41347 | Shoals:3 | Noticed Polyphemus
 41360 | Shoals:3 | Killed Polyphemus
 41362 | Shoals:3 | Reached skill level 18 in Dodging
 42132 | Shoals:3 | Reached skill level 19 in Dodging
 42132 | Shoals:3 | Reached XP level 17. HP: 89/89 MP: 24/40
 42580 | Elf:1    | Entered Level 1 of the Elven Halls
 42844 | Elf:1    | Paralysed by an air elemental for 1 turns
 43538 | Elf:1    | Reached skill level 3 in Evocations
 44073 | Elf:1    | Reached skill level 20 in Dodging
 44496 | Elf:2    | Noticed Hihia's ghost (adept TrFi)
 44506 | Elf:2    | Found a runed translucent gate.
 44506 | Elf:2    | Found a runed translucent gate.
 44507 | Elf:2    | Found a runed translucent gate.
 44763 | Elf:2    | Noticed Louise
 44784 | Elf:2    | Killed Louise
 45038 | Elf:1    | Reached ****** piety under Vehumet
 45649 | Elf:2    | Found a radiant altar of Vehumet.
 45704 | Elf:2    | Identified the +1 pair of boots of the Quiescent God
                  | {Stlth+}
 45956 | Elf:2    | Offered knowledge of Lehudib's Crystal Spear by Vehumet.
 45956 | Elf:2    | Offered knowledge of Fire Storm by Vehumet.
 45956 | Elf:2    | Offered knowledge of Chain Lightning by Vehumet.
 46034 | Elf:2    | Reached skill level 21 in Dodging
 46091 | Elf:2    | Paralysed by an air elemental for 1 turns
 46167 | Elf:2    | Found a runed translucent gate.
 46167 | Elf:2    | Found a runed translucent gate.
 46167 | Elf:2    | Found a runed translucent gate.
 46823 | Snake:1  | Entered Level 1 of the Snake Pit
 46829 | Snake:1  | Found a runed translucent gate.
 46830 | Snake:1  | Found a runed translucent gate.
 46831 | Snake:1  | Found a runed translucent gate.
 46832 | Snake:1  | Noticed Elinuc's ghost (adept DEHW)
 46872 | Snake:1  | Identified the +9 triple sword of Meadiv {flame, rN+ rCorr
                  | Str-2 Int+5}
 46886 | Snake:1  | Found Milloh's Jewellery Emporium.
 46994 | Snake:1  | Found a transporter.
 47103 | Snake:1  | Noticed Donald
 47143 | Snake:1  | Killed Donald
 47144 | Snake:1  | Reached skill level 9 in Evocations
 47187 | Snake:1  | Found a glacial archway.
 47292 | IceCv    | Entered an ice cave
 47821 | IceCv    | Found the +2 hat of the Bear Spirit {Spirit, Bear, *Rage
                  | Will++}
 49483 | IceCv    | Noticed an Ice Fiend
 49702 | IceCv    | HP: 2/90 [caustic shrike simulacrum (26)]
 50235 | IceCv    | Got the Treatise on Ice
 50581 | Snake:1  | Found a transporter.
 51487 | Snake:2  | Learned a level 5 spell: Fireball
 51542 | Snake:2  | Reached XP level 18. HP: 76/96 MP: 3/41
 52034 | Snake:1  | Identified the ring of Generosity {Fire Will+ Dex+3}
 52065 | Snake:1  | Identified the amulet of Apyroiv {Spirit Str+3}
 53440 | Snake:2  | Identified the ring "Xuffomury" {Fly rF+ Will+}
 56507 | Snake:3  | Found an opulent altar of Gozag.
 56841 | Snake:3  | Found Weshrov's Magic Scroll Boutique.
 56849 | Snake:3  | Bought a scroll of teleportation for 39 gold pieces
 56849 | Snake:3  | Bought a scroll of blinking for 97 gold pieces
 57524 | Shoals:4 | Entered Level 4 of the Shoals
 57751 | Shoals:4 | Got a barnacled rune of Zot
 58171 | Shoals:4 | Noticed Mara
 58196 | Shoals:4 | Noticed shadowrider38's illusion
 58344 | Shoals:4 | Noticed shadowrider38's illusion
 58346 | Shoals:4 | Killed Mara
 59091 | Shoals:4 | Identified the +8 sling of Pario {freeze, rN+ Str+2 Int+3}
 59304 | Shoals:4 | Identified the +10 arbalest of Enlim {freeze, rC+ rCorr}
 60239 | Snake:4  | Entered Level 4 of the Snake Pit
 60789 | Snake:4  | Reached XP level 19. HP: 99/102 MP: 33/42
 60819 | Snake:4  | shadowrider38: !nchoice
 60819 | Snake:4  | beem: VpFE: 0 wins || NonviableStreak: CKO, L12 Merchant of
                  | Misery of Kikubaaqudgha || Leszczynek: CXC, L1 Sneak of No
                  | God
 60819 | Snake:4  | shadowrider38: !nchoice spal
 60819 | Snake:4  | beem: SpAl: 4 wins || shadowrider38: CBR2, L18 Acrobat of
                  | Vehumet || boberto: CAO, L15 Thaumaturge of Hepliaklqana ||
                  | agentgt: CKO, L14 Covert of Ru || Salticid: CAO, L14
                  | Thaumaturge of Ashenzari || PigKeeper: CUE, L10
                  | Toxicologist of Makhleb || PanSaczeczos: CXC, L9
                  | Toxicologist of Hepliaklqana || Mamutox: CXC, L9 Covert of
                  | Gozag || elbjorno: CUE, L8 Toxicologist of Kikubaaqudgha ||
                  | eveningcorners:
 60819 | Snake:4  | beem: CAO, L8 Apothecary of Sif Muna || edsrzf: CPO, L5
                  | Apothecary of No God || mainiacjoe: CBR2, L5 Apothecary of
                  | No God
 61093 | Snake:4  | Got Ereshkigal's Lessons on Fulmination and Exhumation
 63197 | Snake:4  | Reached skill level 22 in Dodging
 65033 | D:10     | Bought a book of Fire for 448 gold pieces
 65107 | D:10     | Learned a level 6 spell: Plasma Beam
 67393 | Snake:4  | Got a serpentine rune of Zot
 67944 | Elf:3    | Entered Level 3 of the Elven Halls
 68148 | Elf:3    | Found Loehin's Weapon Boutique.
 68270 | Elf:3    | Found an ancient bone altar of Kikubaaqudgha.
 68660 | Elf:3    | Reached skill level 3 in Air Magic
 69663 | Elf:3    | Found Achi's Book Emporium.
 69663 | Elf:3    | Found Othohox's Jewellery Shop.
 69664 | Elf:3    | Found Defavegagi's Book Emporium.
 69670 | Elf:3    | Acquired 808 gold pieces
 69672 | Elf:3    | Bought Weuqoim's Incunable of Enchanted Black Rituals for
                  | 720 gold pieces
 69678 | Elf:3    | Learned a level 5 spell: Yara's Violent Unravelling
 69768 | Elf:3    | Identified the +4 plate armour of the Bull {+Inv rF+ Dex+3}
 69768 | Elf:3    | Identified the ring "Gaekkata" {*Corrode rC+ Will+ Str+3
                  | Stlth+}
 69895 | Elf:3    | Identified the +3 lajatang of Panayduk {vamp, rF- rCorr
                  | Str+8}
 69895 | Elf:3    | Identified the ring of Okawaru's Outrage {rPois rF+}
 69971 | Elf:3    | Reached skill level 23 in Dodging
 70297 | Elf:3    | Identified the +4 halberd "Pupsisum" {antimagic, Int+2}
 70301 | Elf:3    | Identified the +4 battleaxe of Qemufot {freeze, rPois rC+
                  | Str-5}
 70301 | Elf:3    | Identified the ring "Xufy" {Wiz rPois rCorr Str+4}
 70371 | Elf:3    | Identified the +7 falchion of the Warrior-Mage {heavy, rF-
                  | Str+3 Int+4}
 71070 | Elf:3    | Identified the ring "Viman" {rF- rC+ Str+2 Int+6 Dex+3}
 71075 | Elf:3    | Identified the staff "Embalmer" {rElec rPois rF+ Fire}
 71375 | Vaults:1 | Entered Level 1 of the Vaults
 72274 | Vaults:1 | Reached XP level 20. HP: 103/107 MP: 38/43
 72847 | Vaults:1 | Noticed Boris
 73107 | Vaults:1 | Identified the +2 mace "Jaunwil" {drain, +Blink rPois rF-
                  | rCorr Str+3}
 73206 | Vaults:1 | Identified the +4 spear "Rissues" {protect, Str+2}
 73207 | Vaults:1 | Identified the amulet of the Middle {Regen+ Str-2 Dex+4}
 73332 | Vaults:1 | Reached skill level 9 in Air Magic
 74713 | Vaults:1 | Reached skill level 15 in Evocations
 75515 | Vaults:2 | Noticed Asterion
 75521 | Vaults:2 | Killed Asterion
 76356 | Vaults:2 | Reached skill level 9 in Fire Magic
 76732 | Vaults:2 | Reached skill level 24 in Dodging
 77278 | Vaults:2 | Noticed Norris
 77462 | Vaults:2 | Noticed Zenata
 77878 | Vaults:3 | Reached XP level 21. HP: 111/111 MP: 34/44
 78441 | Vaults:3 | Found Cuit's Armour Emporium.
 79495 | Vaults:3 | Found a staircase to the Crypt.
 80825 | Vaults:4 | Identified the +6 long sword of the Spinneret {drain, Dex+3
                  | SInv}
 81897 | D:15     | Learned a level 7 spell: Orb of Destruction
 81897 | D:15     | shadowrider38: !nchoice spal
 81897 | D:15     | beem: SpAl: 4 wins || shadowrider38: CBR2, L20 Acrobat of
                  | Vehumet || halfwitHQ: CAO, L18 Spry of Qazlal || modargo:
                  | CAO, L14 Nimble of Vehumet || agentgt: CKO, L14 Covert of
                  | Ru || PanSaczeczos: CXC, L14 Nimble of Hepliaklqana ||
                  | Salticid: CAO, L14 Thaumaturge of Ashenzari ||
                  | eveningcorners: CAO, L14 Thaumaturge of Sif Muna ||
                  | PigKeeper: CUE, L12 Toxicologist of Makhleb || Mamutox:
                  | CXC, L9 Covert of
 81897 | D:15     | beem: Gozag || elbjorno: CUE, L8 Toxicologist of
                  | Kikubaaqudgha || edsrzf: CPO, L5 Apothecary of No God ||
                  | mainiacjoe: CBR2, L5 Apothecary of No God
 81898 | Depths:1 | Entered Level 1 of the Depths
 82107 | D:10     | Bought the +9 battleaxe of Boeguy {venom, rPois Will- MP+9
                  | Int+5} for 1248 gold pieces
 82259 | D:14     | You paid a toll of the battleaxe of Boeguy to enter a
                  | treasure trove
 82260 | Trove    | Entered a treasure trove
 82268 | Trove    | Identified the amulet "Muwniaci" {Reflect Str-5 Int+5 Dex+5
                  | SH+5}
 82279 | Trove    | Identified the amulet "Imoemiq" {Spirit *Corrode Will+
                  | Int+6 SInv}
 82283 | Trove    | Identified the +3 cloak of Wisdom {^Drain rF++ rC+++ Dex-2}
 82290 | Trove    | Identified the amulet "Anezxuomo" {rElec Regen+ rCorr
                  | Stlth-}
 82292 | Trove    | Identified the +9 mace "Ogre's Funeral" {freeze, Int+3
                  | Dex+3}
 82455 | Depths:1 | Found a radiant altar of Vehumet.
 82617 | Depths:1 | Found a one-way gate leading to the halls of Pandemonium.
 83030 | Depths:1 | Found Xicaib's Distillery.
 83100 | Depths:1 | Found a one-way gate to the infinite horrors of the Abyss.
 83150 | Depths:1 | Bought a potion of heal wounds for 80 gold pieces
 83150 | Depths:1 | Bought a potion of brilliance for 64 gold pieces
 83150 | Depths:1 | Bought a potion of mutation for 128 gold pieces
 83150 | Depths:1 | Bought a potion of mutation for 128 gold pieces
 83150 | Depths:1 | Bought a potion of mutation for 128 gold pieces
 83635 | Depths:1 | Learned a level 5 spell: Iskenderun's Battlesphere
 83814 | Depths:1 | Found a gateway to Hell.
 84646 | Depths:2 | Reached skill level 9 in Conjurations
 85999 | Depths:2 | Identified the +5 flail of the Brewing Tiger {venom,
                  | ^Fragile Fly rCorr Int+4}
 86488 | Depths:2 | Found a snail-covered altar of Cheibriados.
 88071 | Depths:2 | Reached XP level 22. HP: 116/116 MP: 29/45
 88260 | Depths:2 | You fall into a shaft and drop 1 floor!
 88457 | Depths:2 | Found a sparkling altar of Nemelex Xobeh.
 91869 | Depths:3 | Found a one-way gateway to a ziggurat.
 92128 | Depths:4 | Entered Level 4 of the Depths
 92138 | Depths:4 | Noticed Grunn
 92143 | Depths:4 | Killed Grunn
 92145 | Depths:4 | Reached skill level 3 in Short Blades
 92727 | Depths:4 | Found Iqoog's Jewellery Shoppe.
 92734 | Depths:4 | Found Nuriedd's Armour Emporium.
 94060 | Depths:4 | Found a sacrificial altar of Ru.
 94475 | Depths:4 | Noticed a golden dragon
 94535 | Depths:4 | Found a gate to the Realm of Zot.
 94607 | Depths:4 | Killed a golden dragon
 95634 | Slime:1  | Entered Level 1 of the Pits of Slime
 95982 | Slime:2  | Reached XP level 23. HP: 123/123 MP: 39/48
 96601 | Slime:5  | Entered Level 5 of the Pits of Slime
 97371 | Slime:4  | Learned a level 8 spell: Ignition
 97573 | Slime:5  | Noticed the Royal Jelly
 97594 | Slime:5  | Killed the Royal Jelly
 99168 | Slime:5  | Found the +4 consecrated labrys {holy, Valiant ^Fragile Fly
                  | SInv}
 99169 | Slime:5  | Found the +8 orange crystal plate armour {Archmagi, Int+3
                  | Clar}
 99172 | Slime:5  | Identified the ring "Suit" {Wiz Stlth+}
 99177 | Slime:5  | Identified the ring "Paosh" {Int+6 Dex+3 SInv}
 99180 | Slime:5  | Identified the +10 mace of the Philosopher {venom, ^Contam
                  | Dex+6}
 99185 | Slime:5  | Identified the ring "Eculluun" {+Blink SInv}
 99216 | Slime:5  | Identified the +1 helmet "Lacleof" {^Contam Dex+5}
 99235 | Slime:5  | Got a slimy rune of Zot
 99253 | Slime:5  | Got the Book of the Puissant Autopsy
100120 | Orc:2    | Bought a scroll of revelation for 90 gold pieces
100364 | Zot:1    | Entered Level 1 of the Realm of Zot
101920 | Zot:2    | Noticed a curse toe
102646 | Zot:2    | Killed a curse toe
102647 | Zot:2    | Reached skill level 15 in Fighting
102654 | Zot:2    | Noticed an orb of fire
102937 | Zot:2    | Killed an orb of fire
103665 | Zot:5    | Entered Level 5 of the Realm of Zot
104544 | Zot:4    | shadowrider38: !nchoice spal
104793 | Zot:4    | beem: SpAl: 4 wins || shadowrider38: CBR2, L23 Acrobat of
                  | Vehumet || halfwitHQ: CAO, L18 Acrobat of Qazlal ||
                  | PanSaczeczos: CXC, L16 Nimble of Hepliaklqana || agentgt:
                  | CKO, L14 Covert of Ru || modargo: CAO, L14 Spry of Vehumet
                  | || Salticid: CAO, L14 Thaumaturge of Ashenzari ||
                  | eveningcorners: CAO, L14 Thaumaturge of Sif Muna ||
                  | PigKeeper: CUE, L13 Toxicologist of Makhleb || Mamutox:
                  | CXC, L9 Covert of
104793 | Zot:4    | beem: Gozag || elbjorno: CUE, L8 Toxicologist of
                  | Kikubaaqudgha || edsrzf: CPO, L5 Apothecary of No God ||
                  | mainiacjoe: CBR2, L5 Apothecary of No God
105659 | Zot:5    | Noticed a Killer Klown
106587 | Zot:5    | Reached XP level 24. HP: 131/131 MP: 25/48
106717 | Zot:5    | Killed a Killer Klown
108080 | Zot:5    | Noticed an orb of fire
108087 | Zot:5    | Noticed a Killer Klown
108094 | Zot:5    | Killed a Killer Klown
109106 | Zot:5    | Noticed a Killer Klown
109110 | Zot:5    | Killed a Killer Klown
110232 | Zot:5    | Noticed a Killer Klown
110238 | Zot:5    | Killed a Killer Klown
110532 | Zot:5    | Noticed a Killer Klown
110557 | Zot:5    | Noticed a Killer Klown
110582 | Zot:5    | Killed a Killer Klown
110847 | Zot:5    | Noticed a dread lich
110868 | Zot:5    | Killed a dread lich
111185 | Zot:5    | Reached skill level 15 in Fire Magic
111237 | Zot:5    | Noticed an orb of fire
111238 | Zot:5    | Gained mutation: You occasionally lose the ability to read
                  | scrolls when taking damage. [an orb of fire]
111241 | Zot:5    | Gained mutation: You are frail. (-10% HP) [an orb of fire]
111242 | Zot:5    | Gained mutation: Armour fits poorly on your strangely
                  | shaped body. [an orb of fire]
111244 | Zot:5    | Gained mutation: You are occasionally teleported next to
                  | monsters. [an orb of fire]
111245 | Zot:5    | Killed an orb of fire
111263 | Zot:5    | Lost mutation: You are frail. (-10% HP) [potion of
                  | mutation]
111263 | Zot:5    | Lost mutation: Armour fits poorly on your strangely shaped
                  | body. [potion of mutation]
111263 | Zot:5    | Lost mutation: You are occasionally teleported next to
                  | monsters. [potion of mutation]
111263 | Zot:5    | Gained mutation: You have large cloven feet. [potion of
                  | mutation]
111263 | Zot:5    | Gained mutation: You possess an exceptional clarity of
                  | mind. [potion of mutation]
111264 | Zot:5    | Lost mutation: You possess an exceptional clarity of mind.
                  | [potion of mutation]
111264 | Zot:5    | Lost mutation: You have large cloven feet. [potion of
                  | mutation]
111264 | Zot:5    | Gained mutation: You are partially covered in iridescent
                  | scales. (AC +2) [potion of mutation]
111264 | Zot:5    | Gained mutation: You possess an exceptional clarity of
                  | mind. [potion of mutation]
111264 | Zot:5    | Gained mutation: You have a pair of small horns on your
                  | head. [potion of mutation]
111267 | Zot:5    | Lost mutation: You occasionally lose the ability to read
                  | scrolls when taking damage. [potion of mutation]
111267 | Zot:5    | Lost mutation: You have a pair of small horns on your head.
                  | [potion of mutation]
111267 | Zot:5    | Lost mutation: You possess an exceptional clarity of mind.
                  | [potion of mutation]
111267 | Zot:5    | Gained mutation: You are clumsy. (Dex -2) [potion of
                  | mutation]
111267 | Zot:5    | Gained mutation: You passively dampen the noise of your
                  | surroundings. [potion of mutation]
111267 | Zot:5    | Gained mutation: Your natural rate of healing is unusually
                  | fast. [potion of mutation]
111339 | Zot:5    | Killed a Killer Klown
111961 | Zot:5    | Noticed a Killer Klown
112058 | Zot:5    | Noticed an orb of fire
112063 | Zot:5    | Killed a Killer Klown
112512 | Zot:5    | Killed an orb of fire
113281 | Zot:5    | Killed an orb of fire
113371 | Zot:5    | Noticed a Killer Klown
113379 | Zot:5    | Killed a Killer Klown
114402 | Zot:5    | Got the Orb of Zot
115101 | D:$      | Escaped with the Orb!

Illustrated notes

Levels and vault maps discovered:
D:1:      kb_arrival_jail, layout_loops_ring, minmay_heptomino_h4
D:2:      layout_basic, kennysheep_generic_room_16
D:3:      layout_loops_ring, hellmonk_okawaru_the_only_friend_you_need,
          led_sif_pool, lemuel_round_altar, minmay_misc_feat_doors,
          due_unseen_surprise, uniq_terence
D:4:      layout_loops_corners, nicolae_overflow_crystal_walls,
          lemuel_crystal_altar, minmay_temple_entry_wispy, uniq_ijyb,
          uniq_menkaure, uniq_duvessa
D:5:      layout_gridville, grunt_temple_overflow_gold_and_silver,
          minmay_fractal_squares_gapless_5
D:6:      layout_basic, serial_aquarium, aquarium_bridge_straight
          [aquarium_subvault_bridge, aquarium_subvault_wall,
          aquarium_subvault_bridge, aquarium_subvault_wall], aquarium_window_1,
          aquarium_window_corridor_3, aquarium_window_1, aquarium_view_2e,
          aquarium_pool_2, minmay_fire_ice_demons, uniq_jeremiah
D:7:      layout_basic, minmay_bent
D:8:      layout_layer_cave, mainiacjoe_overflow_alcove_4,
          grunt_lair_entry_orc_guard_hut
D:9:      layout_rooms, cheibrodos_ashenzari_chains, kennysheep_vampire_church,
          enter_bailey_2, uniq_pikel, uniq_erolcha, uniq_harold
D:10:     layout_stronghold, grunt_temple_overflow_cloverleaf,
          gammafunk_ghost_icy, grunt_ministairs_10, minmay_shop_mayhem,
          minmay_joined_circles
D:11:     cheibrodos_helix_gallery, layout_irregular_city,
          hellmonk_guarded_unrand_zhor
D:12:     layout_big_octagon, david_orc_4,
          hellmonk_guarded_unrand_sphere_of_battle, uniq_fannar
D:13:     gammafunk_boulding_lane, layout_loops_ring, david_vaults_5
D:14:     layout_small_grid, serial_shops, shop_fountains,
          nicolae_trove_entry_crystal
D:15:     gammafunk_enter_depths_forms, layout_cave_pools,
          minmay_splitting_lines, minivault_7
Temple:   hellmonk_temple_forest_ring
Lair:1:   layout_chaotic_city, patterned_corridor, grunt_megastairs_3
Lair:2:   layout_cave_shapes, minmay_shoals_entry_beasts, grunt_megastairs_2,
          uniq_nergalle
Lair:3:   regret_index_wax_grids, layout_layer_cave, alex1729_snake_entry_snake,
          serial_bayou_shore_b, infiniplex_staircase_pool
Lair:4:   layout_regular_city, serial_bayou, serial_bayou_shore_b,
          serial_bayou_crossing, serial_bayou_lagoon_b, lemuel_fruit_fields,
          uniq_snorg
Lair:5:   minmay_lair_end_enchanted_forest, layout_cellular_growth,
          slime_entry_1
Shoals:1: layout_shoals, serial_nicolae_subway, nicolae_sub_station_crystal,
          nicolae_sub_station_metal, nicolae_sub_station_stone, uniq_nikola,
          uniq_aizul
Shoals:2: layout_shoals, nicolae_shoals_beach_house_on_fowls_legs,
          nicolae_shoals_former_cling_halls, uniq_jorgrun
Shoals:3: layout_shoals, uniq_polyphemus
Shoals:4: shoals_end_hangedman, layout_shoals, nicolae_shoals_wave_tunnel,
          uniq_mara
Snake:1:  gammafunk_its_a_trap, layout_chambers, gammafunk_ghost_split,
          portal_ice_cave_entry_dragon, minmay_shop_enchanted_jewellery,
          serial_bayou_shore_b, uniq_donald
Snake:2:  layout_misc_corridors, nicolae_snake_double_loop, grunt_ministairs_10
Snake:3:  layout_chambers, serial_shops, shop, basic_altar, serial_bayou_shore_a
Snake:4:  snake_pit, layout_misc_corridors,
          serial_library_hellmonk_long_bookcase, serial_bayou_lake_a,
          serial_bayou_shore_b
Slime:1:  layout_caves
Slime:2:  layout_caves
Slime:3:  layout_caves, nicolae_slime_getting_an_eyeful
Slime:4:  cheibrodos_slime_lost_civilization_9, layout_caves
Slime:5:  slime_pit_nicolae_royal_road_to_ruin
Orc:1:    gammafunk_beogh_shrine, layout_caves, basic_altar,
          nicolae_orc_lava_tube, mainiacjoe_minedec_watcher_in_the_water,
          nicolae_orc_minecarts, uniq_gastronok
Orc:2:    grunt_orc_gardens, layout_diamond_mine, grunt_orc_garden,
          grunt_orc_garden, grunt_orc_garden, grunt_orc_garden, serial_shops,
          bzr_entry_safe, nicolae_shop_real_fake_doors, shop_statue
Elf:1:    layout_geoelf_octagon, hangedman_elven_crosses_minicolossus
Elf:2:    nicolae_elf_blades_splatter_lattice [nicolae_blade_lattice],
          layout_geoelf_grid, gammafunk_ghost_split, basic_altar, uniq_louise
Elf:3:    minmay_elf_hall_dome, layout_loops_cross, serial_shops,
          nicolae_shop_advertising_works [nicolae_subvault_shop_adworks],
          basic_altar, minmay_shop_grove
Vaults:1: nicolae_vaults_rhombus_5, hangedman_vaults_stream,
          hangedman_vaults_trim, nicolae_vaults_network_s,
          vaults_room_door_ring, nicolae_vaults_heart-shaped_vault,
          nicolae_vaults_closet_pinwheel_4, ontoclasm_vaults_chip,
          nicolae_vaults_storing_the_good_stuff, layout_vaults_chaotic_city,
          uniq_boris
Vaults:2: nicolae_vaults_meiosis, nicolae_vaults_murderbox, v_misc_31,
          nicolae_vaults_tangram_2, nicolae_vaults_diamond_1,
          nicolae_vaults_closet_pinwheel_4, vaults_room_door_hall,
          nicolae_vaults_cornered_office, nicolae_vaults_triangles,
          nicolae_vaults_prndl, nicolae_vaults_storage_room_glass,
          nicolae_vaults_apartment_1, nicolae_vaults_bisected_slash,
          layout_vaults_big_cross, uniq_asterion, uniq_norris, uniq_zenata
Vaults:3: nicolae_vaults_puzzle_piece, vaults_room_octagon,
          nicolae_vaults_little_squares_5, minmay_crypt_entry_simple_plaza,
          nicolae_vaults_trapezoid_3, nicolae_vaults_taking_the_gang_shopping,
          nicolae_vaults_heart-shaped_vault, nicolae_vaults_house_1,
          layout_vaults_omnigrid
Vaults:4: vaults_standard_mumra_lines, nicolae_vaults_tetromino_Z_2,
          vaults_room_boxed, nicolae_vaults_weapon_check, v_misc_24, v_misc_13,
          serial_library_hellmonk_reading_circle, nicolae_vaults_tetromino_L_1,
          nicolae_vaults_network_quinsquares
          [nicolae_vaults_network_quincunx_subvault,
          nicolae_vaults_network_quincunx_subvault,
          nicolae_vaults_network_quincunx_subvault,
          nicolae_vaults_network_quincunx_subvault], nicolae_vaults_six-pack,
          nicolae_vaults_little_squares_6, hangedman_vaults_unwind,
          vaults_room_door_ring, nicolae_vaults_angled_halls,
          nicolae_vaults_apartment_2, layout_vaults_maze
Depths:1: layout_gridlike, abyss_entry, serial_bayou_pond_e, serial_shops, shop,
          grunt_hell_entry_demonic_statue, rand_demon_pan_entry_5,
          nicolae_vehumet_altar_sigil
Depths:2: minmay_the_grid_octo_tiled_squarecenter_mashed
          [minmay_the_grid_octo_vomiting_pacman, minmay_the_grid_octo_pinwheel,
          minmay_the_grid_octo_77, minmay_the_grid_octo_tetromino_candy,
          minmay_the_grid_square_5x5_megaprize_diamond,
          minmay_the_grid_square_5x5_detours, minmay_the_grid_square_5x5_seven,
          minmay_the_grid_square_5x5_misaligned,
          minmay_the_grid_square_5x5_hollow_slash], layout_gridlike,
          grunt_pan_entry_in_and_out, pf_hell_entry_tar_spiral,
          cheibriados_altar_1
Depths:3: nicolae_terramorphic_expanse [nicolae_terramorphic_quarter,
          nicolae_terramorphic_quarter, nicolae_terramorphic_quarter,
          nicolae_terramorphic_quarter, nicolae_terramorphic_quarter,
          nicolae_terramorphic_biome, nicolae_terramorphic_biome,
          nicolae_terramorphic_biome, nicolae_terramorphic_biome],
          layout_cave_shapes, enter_ziggurat_b, pf_dread_powers_of_hell,
          hangedman_abyss_entry_splay, serial_sigils_hangedman_snap
Depths:4: evilmike_zot_entry_round, layout_basic, minmay_misc_feat_chi,
          hangedman_coc_ice_floe, nicolae_ru_the_path_less_chosen,
          minmay_shoptagon, uniq_grunn
Zot:1:    layout_cellular_growth, ebering_ghost_disaster_area,
          lemuel_golem_globe
Zot:2:    layout_concentric_octagons
Zot:3:    layout_cellular_growth, regret_index_zotdec_dark_gr
Zot:4:    layout_concentric_octagons, regret_index_zotdec_fiery_em
Zot:5:    layout_gridlike, grunt_ministairs_13

Skill      XL: |  1  2  3  4  5  6  7  8  9 10 11 12 13 14 15 16 17 18 19 20 21 22 23 24 |
---------------+-------------------------------------------------------------------------+-----
Dodging        | 3 4 5 7 8 15 19 21 23 24 | 24.0
Spellcasting   | 3 4 5 6 8 10 13 14 15 16 18 20 | 20.0
Short Blades   | 1 2 6 8 |  8.6
Stealth        | 4 5 6 8 10 | 10.0
Alchemy        | 4 5 6 8 10 11 12 | 12.0
Fire Magic     | 2 3 5 8 9 10 13 16 | 16.7
Fighting       | 3 5 7 10 11 12 13 15 | 15.1
Translocations | 7 12 14 15 | 15.0
Armour         | 1 4 5 |  5.0
Shields        | 5 |  5.0
Conjurations   | 3 5 7 10 12 | 12.0
Evocations     | 10 11 14 15 | 15.0
Air Magic      | 6 11 12 | 12.0

Action                     |  1- 3 |  4- 6 |  7- 9 | 10-12 | 13-15 | 16-18 | 19-21 | 22-24 || total
---------------------------+-------+-------+-------+-------+-------+-------+-------+-------++-------
  Melee: Dagger            |     4 |       |    54 |    47 |    51 |     3 |       |       ||   159
         Rapier            |     3 |    67 |     7 |       |       |    53 |    54 |   134 ||   318
         Punch             |       |     2 |     1 |       |     1 |       |       |       ||     4
         Staff             |       |       |       |       |       |    33 |     9 |       ||    42
  Throw: Dart              |       |       |       |     2 |       |     1 |       |       ||     3
   Cast: Sting             |    62 |   109 |    72 |    40 |       |       |       |       ||   283
         Mercury Vapours   |     3 |    27 |    40 |    29 |       |       |       |       ||    99
         Sticky Flame      |       |       |    35 |    69 |     8 |       |       |       ||   112
         Olgreb's Toxic Ra |       |       |    17 |    64 |   431 |   380 |   463 |   128 ||  1483
         Iskenderun's Myst |       |       |       |    74 |   113 |   122 |    43 |     5 ||   357
         Volatile Blastmot |       |       |       |    53 |    38 |    29 |       |       ||   120
         Ignite Poison     |       |       |       |       |   166 |   161 |   204 |    62 ||   593
         Irradiate         |       |       |       |       |    31 |   109 |   100 |   156 ||   396
         Eringya's Noxious |       |       |       |       |    16 |    27 |     8 |     1 ||    52
         Fireball          |       |       |       |       |       |   187 |   230 |       ||   417
         Dispersal         |       |       |       |       |       |     3 |       |    12 ||    15
         Plasma Beam       |       |       |       |       |       |       |   161 |   365 ||   526
         Yara's Violent Un |       |       |       |       |       |       |    15 |     9 ||    24
         Blink             |       |       |       |       |       |       |     4 |     7 ||    11
         Orb of Destructio |       |       |       |       |       |       |     2 |   145 ||   147
         Iskenderun's Batt |       |       |       |       |       |       |     2 |       ||     2
         Ignition          |       |       |       |       |       |       |       |     9 ||     9
  Evoke: Wand              |       |       |       |       |       |     7 |       |     6 ||    13
         Sack of spiders   |       |       |       |       |       |       |       |     1 ||     1
    Use: Scroll            |     5 |     4 |     1 |    13 |    11 |     6 |    10 |    15 ||    65
         Potion            |       |     1 |       |     1 |     4 |     5 |       |    10 ||    21
   Stab: Sleeping          |     3 |     2 |     3 |     4 |     3 |     5 |     4 |     4 ||    28
         Paralysed         |       |       |       |       |       |    10 |       |       ||    10
 Armour: Robe              |     4 |    26 |    44 |    21 |       |       |       |       ||    95
         Steam dragon scal |       |       |       |    60 |    76 |   132 |   121 |   155 ||   544
  Dodge: Dodged            |    13 |    82 |    99 |   188 |   252 |   509 |   502 |   575 ||  2220
  Block: Buckler           |       |       |       |       |    62 |    96 |   156 |   331 ||   645
         Reflection        |       |       |       |       |       |       |     6 |    11 ||    17
